 Dungeon Crawl Stone Soup version 0.25-a0-294-gea9b1ad378 (webtiles) character file.

Game seed: 8332454634067548936, levelgen mode: classic

9104 Borgoz the Carver (level 11, -2/68 HPs)
             Began as a Gargoyle Gladiator on Dec 18, 2019.
             Was an Initiate of Ashenzari.
             Shot with a bolt by an orc warrior (10 damage)
             ... in a bailey.
             The game lasted 00:25:00 (12455 turns).

Borgoz the Carver (Gargoyle Gladiator)             Turns: 12455, Time: 00:25:00

Health: -2/68      AC: 14    Str: 23    XL:     11   Next: 41%
Magic:  15/15      EV: 15    Int:  9    God:    Ashenzari [......]
Gold:   651        SH:  5    Dex: 14    Spells: 10/10 levels left

rFire    . . .     SeeInvis .   b - +2 scimitar (flame)
rCold    . . .     Gourm    .   e - +0 buckler
rNeg     + + .     Faith    .   d - +0 leather armour
rPois    ∞         Spirit   .   c - +1 helmet
rElec    +         Reflect  .   (no cloak)
rCorr    .         Harm     .   (no gloves)
MR       .....                  (no boots)
Stlth    +.........             r - amulet of rage
HPRegen  0.21/turn              F - ring of positive energy
MPRegen  0.14/turn              (no ring)

@: mighty
A: negative energy resistance 1, electricity resistance, unbreathing,
petrification resistance, rot immunity, AC +8
a: Curse Item, Renounce Religion, Evoke Berserk Rage


You were in a bailey.
You worshipped Ashenzari.
Ashenzari was noncommittal.
You were not hungry.

You visited 2 branches of the dungeon, and saw 12 of its levels.
You also visited: Bailey.

You collected 651 gold pieces.

Inventory:

Hand Weapons
 a - a +4 long sword of freezing
 b - a +2 scimitar of flaming (weapon)
 E - a +0 great sword
Missiles
 J - 4 throwing nets (quivered)
Armour
 c - a +1 helmet (worn)
 d - a +0 leather armour (worn)
 e - a +0 buckler (worn)
Jewellery
 g - a +5 ring of intelligence
 p - an uncursed ring of protection from cold
 r - an amulet of rage (around neck)
 w - the amulet "Feruami" {Acrobat rPois MR- Int+4 SInv}
   (You found it on level 5 of the Dungeon)

   [amulet of the acrobat]

   It helps you evade while moving and waiting.
   It affects your intelligence (+4).
   It protects you from poison.
   It affects your resistance to hostile enchantments.
   It lets you see invisible.
 F - a ring of positive energy (left hand)
Wands
 s - a wand of random effects (43)
 v - a wand of polymorph (17)
 x - a wand of digging (3)
 D - a wand of paralysis (7)
 G - a wand of scattershot (2)
Scrolls
 h - a scroll of enchant armour
 i - a scroll of remove curse
 m - a scroll of enchant weapon {unknown}
 n - a scroll of brand weapon {unknown}
 o - 5 scrolls of fear
 t - 3 scrolls of fog {unknown}
 u - 3 scrolls of teleportation
 y - 2 scrolls of amnesia {unknown}
 B - 2 scrolls of blinking {unknown}
 I - 2 scrolls of magic mapping {unknown}
Potions
 j - 3 potions of mutation
 l - a potion of haste
 z - a potion of brilliance
 A - a potion of agility
 C - 3 potions of resistance {unknown}
 K - a potion of cancellation {unknown}
Comestibles
 f - 14 rations
 H - 7 chunks of flesh


   Skills:
 + Level 7.9 Fighting
 * Level 9.6 Long Blades
 - Level 1.7 Throwing
 + Level 7.5 Armour
 + Level 6.4 Dodging
 - Level 5.0 Shields
 + Level 5.4 Evocations


You had 10 spell levels left.
You didn't know any spells.
Your spell library contained the following spells:

 Spells                   Type           Power        Failure   Level  Hunger
 Foxfire                  Conj/Fire      #...         41%         1    ##.....
 Sting                    Tmut/Pois      #...         41%         1    ##.....
 Poisonous Vapours        Pois/Air       #.....       56%         2    ###....
 Conjure Flame            Conj/Fire      #.......     80%         3    ####...
 Ignite Poison            Fire/Tmut/Pois #.......     80%         3    ####...
 Inner Flame              Hex/Fire       #.......     80%         3    ####...
 Mephitic Cloud           Conj/Pois/Air  #.......     80%         3    ####...
 Olgreb's Toxic Radiance  Pois           #.......     99%         4    #####..
 Sticky Flame             Conj/Fire      #.......     99%         4    #####..
 Fireball                 Conj/Fire      #.........   100%        5    ######.


Dungeon Overview and Level Annotations

Branches:
Dungeon (11/15)            Temple (1/1) D:6            Lair (0/6) D:10
 Bailey (1/1)
    Orc: D:9-12

Altars:
Ashenzari
Cheibriados
Dithmenos
Elyvilon
Fedhas
Gozag
Hepliaklqana
Kikubaaqudgha
Makhleb
Nemelex Xobeh
Okawaru
Qazlal
Ru
Sif Muna
Trog
Uskayaw
Vehumet
Wu Jian
Xom
Yredelemnul
Zin
The Shining One

Shops:
D:9 (


Innate Abilities, Weirdness & Mutations

You are resistant to torment.
Your stone body is resilient. (AC +8)
You are immune to poison.
You resist negative energy. (rN+)
You are resistant to electric shocks. (rElec)
You can survive without breathing.
You are immune to petrification.
You are immune to rotting.


Message History

Press: ? - help, Shift-Dir - straight line, f/p - orc warrior
Aim: an orc warrior, wielding a +0 arbalest, wearing a +0 scale mail and quivering 11 bolts (misshapen and mutated)
The orc warrior flickers and vanishes!
Deactivating autopickup; reactivate with Ctrl-A.
Unknown command.
An orc warrior comes into view. It is wielding a -1 halberd.
The orc shouts!
The orc warrior shouts!
You hear a thunk.
A bolt appears from out of thin air!
The bolt hits you!
* * * LOW HITPOINT WARNING * * *
The orc misses you.
The orc warrior shoots a bolt.
The bolt misses you.
Found a gate leading back out of this place.
You see here 2 bolts.
You feel better.
You hear a thunk.
A bolt appears from out of thin air!
The bolt barely misses you. You block the orc's attack.
It was a potion of might.
You feel very mighty all of a sudden.
The orc warrior shoots a bolt.
The bolt hits you!
You die...

#### ##∩## ####
..{.##...##....
≈≈≈..#...#..≈≈≈
≈o≈≈.......≈≈o≈
∩o≈......o≈o
≈....... #..o#
#.∩@# ##∩## ###


You could see 2 orc warriors and 2 orcs.

Vanquished Creatures
  Erica (D:8)
  A two-headed ogre (D:8)
  An unseen horror (D:11)
  Pikel (D:8)
  A gargoyle (D:9)
  A hornet (D:10)
  A wyvern (D:10)
  A wraith (D:11)
  Eustachio (D:4)
  2 hungry ghosts (D:9)
  Edmund (D:4)
  The ghost of Lanoc the Sneak, an amateur KoAs (D:3)
  2 water moccasins
  A sky beast (D:8)
  A phantom (D:4)
  2 orc warriors
  A swamp drake (D:10)
  4 slaves (D:8)
  A black bear (D:6)
  3 ice beasts
  2 ogres
  4 crocodiles
  3 centaurs
  A bullfrog (D:7)
  Blork the orc (D:5)
  3 gnoll sergeants (D:9)
  A wyvern zombie (D:6)
  4 scorpions
  11 killer bees
  14 wights
  An electric eel (D:9)
  8 howler monkeys
  A centaur zombie (D:8)
  5 crimson imps
  A quasit (D:9)
  3 bullfrog zombies
  4 hounds (D:9)
  5 orc wizards
  6 orc priests
  3 bullfrog skeletons
  2 jellies
  Crazy Yiuf (D:3)
  2 gnoll shamans (D:9)
  2 iguanas
  9 worker ants
  A killer bee zombie (D:9)
  2 hound skeletons
  A howler monkey zombie (D:8)
  26 gnolls
  8 adders
  A shadow imp (D:6)
  An ooze (D:1)
  3 adder skeletons
  A dart slug (D:1)
  5 leopard geckos
  32 orcs
  5 giant cockroaches
  5 goblins
  2 hobgoblins
  7 jackals
  6 kobolds
  4 quokkas
  A ball python skeleton (D:4)
  2 bats
  3 frilled lizards
  2 rats (D:3)
243 creatures vanquished.

Vanquished Creatures (others)
  A leopard gecko (D:9)
  A quokka (D:5)
2 creatures vanquished.

Grand Total: 245 creatures vanquished

Notes
Turn   | Place    | Note
-------+----------+-------------------------------------------
     0 | D:1      | Borgoz the Gargoyle Gladiator began the quest for the Orb.
     0 | D:1      | Reached XP level 1. HP: 12/12 MP: 1/1
    19 | D:1      | Reached XP level 2. HP: 16/18 MP: 2/2
    21 | D:1      | Reached skill level 3 in Long Blades
   412 | D:1      | Reached skill level 1 in Armour
   438 | D:1      | Reached XP level 3. HP: 21/22 MP: 3/3
  1086 | D:2      | Found an iron altar of Okawaru.
  1088 | D:2      | Found a shadowy altar of Dithmenos.
  1229 | D:2      | Found a sparkling altar of Nemelex Xobeh.
  1232 | D:2      | Found a shattered altar of Ashenzari.
  1232 | D:2      | Found a stormy altar of Qazlal.
  1317 | D:3      | Found a runed translucent door.
  1318 | D:3      | Noticed Lanoc's ghost (amateur KoAs)
  1510 | D:3      | HP: 1/22 [orc priest/divine providence (7)]
  1812 | D:2      | Reached XP level 4. HP: 8/27 MP: 4/4
  2034 | D:2      | Reached skill level 1 in Shields
  2629 | D:3      | Found a runed translucent door.
  2630 | D:3      | Noticed Crazy Yiuf
  2906 | D:3      | Found a glowing silver altar of Zin.
  2906 | D:3      | Found an opulent altar of Gozag.
  2996 | D:4      | Reached XP level 5. HP: 24/32 MP: 5/5
  3096 | D:4      | Reached skill level 4 in Long Blades
  3096 | D:4      | Reached XP level 6. HP: 31/37 MP: 6/6
  3190 | D:4      | Found a sacrificial altar of Ru.
  3290 | D:4      | Noticed a phantom
  3321 | D:4      | Killed a phantom
  3740 | D:4      | Noticed Eustachio
  3764 | D:4      | Killed Eustachio
  3764 | D:4      | Reached XP level 7. HP: 38/42 MP: 7/7
  3811 | D:4      | Noticed Edmund
  3820 | D:4      | Killed Edmund
  3820 | D:4      | Reached skill level 5 in Long Blades
  4407 | D:5      | Entered Level 5 of the Dungeon
  4438 | D:5      | Noticed Blork the orc
  4543 | D:5      | Killed Blork the orc
  4543 | D:5      | Reached skill level 1 in Evocations
  4543 | D:5      | Reached XP level 8. HP: 12/48 MP: 8/8
  4788 | D:5      | Got a steaming crystal amulet
  5191 | D:5      | Found a white marble altar of Elyvilon.
  5722 | D:6      | Found a staircase to the Ecumenical Temple.
  5730 | Temple   | Entered the Ecumenical Temple
  6263 | Temple   | Reached skill level 6 in Long Blades
  6323 | D:6      | Reached skill level 5 in Fighting
  6324 | D:6      | Found a burning altar of Makhleb.
  6410 | D:6      | Identified the amulet "Feruami" {Acrobat rPois MR- Int+4
                  | SInv} (You found it on level 5 of the Dungeon)
  6527 | D:6      | Reached XP level 9. HP: 48/54 MP: 10/10
  6693 | D:6      | Found a shimmering altar of Xom.
  6892 | D:6      | Found a shimmering altar of Xom.
  7541 | D:7      | Reached skill level 5 in Armour
  7541 | D:7      | Reached skill level 5 in Shields
  8052 | D:8      | Noticed Pikel
  8147 | D:8      | Killed Pikel
  8147 | D:8      | Reached skill level 7 in Long Blades
  8147 | D:8      | Reached skill level 5 in Dodging
  8713 | D:8      | Noticed a two-headed ogre
  8725 | D:8      | Killed a two-headed ogre
  8725 | D:8      | Reached XP level 10. HP: 39/61 MP: 12/12
  8960 | D:8      | Reached skill level 8 in Long Blades
  9533 | D:8      | Noticed Erica
  9543 | D:8      | Killed Erica
 10124 | D:9      | Found Ucaed's Antique Weapon Shop.
 10556 | D:9      | Found a shimmering blue altar of Sif Muna.
 10589 | D:9      | Noticed a gargoyle
 10613 | D:9      | Killed a gargoyle
 10613 | D:9      | Reached skill level 9 in Long Blades
 10627 | D:9      | Reached XP level 11. HP: 38/67 MP: 14/14
 10873 | D:10     | Entered Level 10 of the Dungeon
 11021 | D:2      | Became a worshipper of Ashenzari the Shackled
 11075 | D:3      | Killed Lanoc's ghost
 11075 | D:3      | Reached skill level 5 in Evocations
 11155 | D:3      | Killed Crazy Yiuf
 11964 | D:10     | Found a staircase to the Lair.
 12339 | D:11     | Noticed a two-headed ogre
 12354 | D:11     | Found a flagged portal.
 12385 | D:11     | Killed an unseen horror
 12446 | Bailey   | Entered a bailey
 12453 | Bailey   | HP: 1/68 [something (9)]
 12455 | Bailey   | Shot with a bolt by an orc warrior

Levels and vault maps discovered:
D:1:      shiori_shiawase, layout_basic
D:2:      layout_basic, nicolae_overflow_hidden_temple
D:3:      cheibrodos_pilgrimage, layout_loops_corners,
          grunt_temple_overflow_gold_and_silver, ebering_ghost_inner_flame,
          first_ration, uniq_crazy_yiuf_cottage
D:4:      layout_basic, lemuel_crystal_altar, hangedman_feature_mirror,
          uniq_eustachio, uniq_edmund
D:5:      layout_basic, elyvilon_altar_4, uniq_blork_the_orc
D:6:      layout_rooms, bloody_makhleb, minmay_temple_entry_statues_pillars,
          xom_redecorated
D:7:      layout_loops_corners
D:8:      layout_layer_cave, uniq_pikel, uniq_erica
D:9:      layout_cave_pools, old_standard_altar, serial_gnoll_camp,
          gnoll_camp_mini_house, gnoll_camp_mini_shop, gnoll_camp_mini_basic,
          gnoll_camp_huts_moat, minmay_bent
D:10:     layout_loops_ring, erik_lair_dragon
D:11:     layout_basic, enter_bailey_6
Temple:   jpeg_temple_clearing
Bailey:   bailey_polearm_4, bailey

Skill      XL: |  1  2  3  4  5  6  7  8  9 10 11 |
---------------+----------------------------------+-----
Long Blades    | 3 4 5 6 7 9 |  9.6
Armour         | 1 2 3 4 5 6 7 |  7.5
Shields        | 1 2 3 4 5 |  5.0
Fighting       | 3 4 5 6 7 |  7.9
Dodging        | 3 4 5 6 |  6.4
Evocations     | 1 2 3 4 5 |  5.4
Throwing       | |  1.7

Action                   |  1- 3 |  4- 6 |  7- 9 | 10-12 || total
-------------------------+-------+-------+-------+-------++-------
Melee: Long sword        |    69 |   137 |   514 |   109 ||   829
       Scimitar          |       |       |       |   304 ||   304
Throw: Throwing net      |       |       |     3 |     3 ||     6
 Abil: Evoke Berserk Rag |       |       |     2 |     4 ||     6
Evoke: Wand              |       |       |       |     3 ||     3
  Use: Potion            |       |     1 |     2 |     5 ||     8
       Scroll            |       |       |    11 |     1 ||    12
 Stab: Held in net/web   |       |       |     2 |     2 ||     4
       Sleeping          |       |       |       |     1 ||     1
  Eat: Chunk             |     3 |     6 |    16 |    20 ||    45
       Ration            |       |       |     1 |       ||     1
Armor: Leather armour    |    34 |    42 |   180 |   155 ||   411
       Skin              |       |       |    24 |       ||    24
Dodge: Dodged            |    35 |    90 |   344 |   296 ||   765
Block: Buckler           |     9 |    23 |   106 |   115 ||   253
       Rpst.: Long sword |    10 |    28 |   107 |    23 ||   168
       Scimitar          |       |       |       |    57 ||    57

Table legend:
 A = Non-vault XP
 B = Vault XP
 C = Vault XP percentage of total XP
 D = Non-vault monster count
 E = Vault monster count
 F = Vault count percentage of total count
                 A         B        C        D         E       F
            +---------+---------+-------+---------+---------+-------
      Total |    8483 |    4524 |  34.8 |     179 |      60 |  25.1
            +---------+---------+-------+---------+---------+-------
        D:1 |      40 |       0 |   0.0 |      11 |       0 |   0.0
        D:2 |      32 |      47 |  59.5 |       6 |       3 |  33.3
        D:3 |      14 |     199 |  93.4 |       9 |       6 |  40.0
        D:4 |     572 |     368 |  39.1 |      23 |       3 |  11.5
        D:5 |     407 |      91 |  18.3 |      16 |       1 |   5.9
        D:6 |     824 |       0 |   0.0 |      18 |       0 |   0.0
        D:7 |     688 |       0 |   0.0 |       9 |       0 |   0.0
        D:8 |    1943 |    1558 |  44.5 |      24 |       2 |   7.7
        D:9 |     906 |    1614 |  64.0 |      20 |      40 |  66.7
       D:10 |    1082 |     647 |  37.4 |      15 |       5 |  25.0
       D:11 |    1649 |       0 |   0.0 |      18 |       0 |   0.0
     Temple |     326 |       0 |   0.0 |      10 |       0 |   0.0
            +---------+---------+-------+---------+---------+-------
